 Dungeon Crawl Stone Soup version 0.31-a0-175-g9f7f995f2b (webtiles) character file.

Game seed: 18075188500542228684

43 qw the Shooter (level 3, -1/22 HPs)
             Began as a Gargoyle Hunter on June 16, 2023.
             Slain by Sigmund
             ... wielding a +0 scythe
              (10 damage)
             ... on level 2 of the Dungeon.
             The game lasted 00:00:22 (1240 turns).

qw the Shooter (Gargoyle Hunter)                    Turns: 1240, Time: 00:00:23

Health: -1/22      AC:  6    Str: 14    XL:     3   Next: 58%
Magic:  3/3        EV: 11    Int:  9    God:
Gold:   29         SH:  0    Dex: 15    Spells: 2/2 levels left

rFire   + . .        Y - +1 shortbow
rCold   . . .        (shield currently unavailable)
rNeg    + . .        c - +0 leather armour
rPois   inf          (no helmet)
rElec   +            (no cloak)
rCorr   .            (no gloves)
SInv    .            (no boots)
Will    .....        g - amulet of reflection
Stlth   +            j - ring of protection from fire
HPRegen 0.23/turn    (no ring)
MPRegen 0.08/turn

%: reflection
@: confused
A: sickness immunity, AC +3, negative energy resistance 1, electricity
resistance, torment resistance 1, petrification resistance
a: no special abilities


You were on level 2 of the Dungeon.
You visited 1 branch of the dungeon, and saw 2 of its levels.

You collected 29 gold pieces.


Innate Abilities, Weirdness & Mutations

You are immune to sickness and miasma.
Your stone body is resilient. (AC +3)
You are immune to poison.
You resist negative energy. (rN+)
You are resistant to electric shocks. (rElec)
You are resistant to unholy torment.
You are immune to petrification.


   Skills:
 + Level 2.8 Fighting
 - Level 5.0 Ranged Weapons
 - Level 1.5 Dodging
 - Level 1.1 Stealth


You had 2 spell levels left.
You didn't know any spells.
Your spell library was empty.

Inventory:

Hand Weapons
 Y - a +1 shortbow (weapon)
Armour
 b - a +0 ring mail
 c - a +0 leather armour (worn)
Jewellery
 g - an amulet of reflection (around neck)
 j - a ring of protection from fire (left hand)
 k - a ring of ice
Scrolls
 a - a scroll of noise {unknown}
Potions
 d - a potion of mutation {unknown}
 e - 2 potions of curing {unknown}
 f - a potion of degeneration {unknown}
 h - a potion of berserk rage {unknown}

Dungeon Overview and Level Annotations

Branches:
Dungeon (2/15)

Altars:

Annotations:
D:2 Sigmund


Message History

a +0 club; a goblin corpse
Things that are here:
a +0 club; a goblin corpse
Found a stone staircase leading up.
Things that are here:
a +0 short sword; a kobold corpse
Found a faded altar of an unknown god.
Enter note:
Enter note: You see here 2 throwing nets.
Sigmund, a goblin and an endoplasm come into view.
Sigmund shouts!
The endoplasm quivers.
You hear a shout! x3
A quokka comes into view.
You hear a shout! x2
Enter note:
Enter note: You shoot an arrow.
The goblin shouts!
The arrow hits the endoplasm!
You kill the endoplasm!
You hear a shout!
Sigmund casts a spell at you.
You are confused.
Sigmund gestures at you while chanting. You resist with significant effort.
A goblin comes into view. It is wielding a +0 dagger.
A goblin comes into view. It is wielding a +0 club.
You hear a shout! x3
The quokka barely misses you. The quokka barely misses you. Sigmund misses you.
The quokka bites you but does no damage.
A worm comes into view.
The quokka closely misses you.
Sigmund hits you from afar with a +0 scythe!
The goblin hits you with a +0 club.
The quokka bites you but does no damage.
Sigmund hits you from afar with a +0 scythe!
You die...

.. . .. .##.# . w.#. . #
_.. . #. .. # #.# #.##g##.#
# #.# #grg.@..# # #.# ##@#
###### #.# #(.# #..... #.#
#.## #.#### #.# #.# ##.# ##
#)#######.###########..# #.
###.......%.............##
#.
###...######).#####.......#
##. ##...#.# ##..##
#.......###.. ##..###.#
##..## #.......##..#


You could see Sigmund, a worm, a quokka and 3 goblins.

Vanquished Creatures
  A gnoll (D:1)
  2 ball pythons (D:1)
  2 bats
  2 endoplasms (D:2)
  3 giant cockroaches
  3 goblins
  3 hobgoblins
  2 jackals (D:1)
  3 frilled lizards
  5 kobolds
  5 rats
31 creatures vanquished.

Notes
Turn   | Place    | Note
-------+----------+-------------------------------------------
     0 | D:1      | qw the Gargoyle Hunter began the quest for the Orb.
     0 | D:1      | Reached XP level 1. HP: 12/12 MP: 1/1
     0 | D:1      | 0 ||| qw: Version: 0.2-a-29-g511e9b1
     0 | D:1      | 0 ||| qw: Game counter: 5874
     0 | D:1      | 0 ||| qw: Always use a shield: true
     0 | D:1      | 0 ||| qw: God list: Okawaru
     0 | D:1      | 0 ||| qw: Allow faded altars: false
     0 | D:1      | 0 ||| qw: Do Orc after D:15 true
     0 | D:1      | 0 ||| qw: Do second Lair branch before Depths: true
     0 | D:1      | 0 ||| qw: Lair rune preference: random
     0 | D:1      | 0 ||| qw: Plans: Normal, Zot:1-4, Slime:5, God:TSO, Crypt,
                  | Tomb, Abyss, Pan, Hells, Win
     0 | D:1      | 0 ||| PLANNING D:1-11
   272 | D:1      | Reached XP level 2. HP: 17/17 MP: 2/2
   579 | D:1      | Reached XP level 3. HP: 21/21 MP: 3/3
   649 | D:1      | Reached skill level 5 in Ranged Weapons
  1031 | D:1      | 1031 ||| UPGRADING to amulet of reflection.
  1036 | D:1      | 1036 ||| UPGRADING to ring of protection from fire.
  1037 | D:1      | 1037 ||| READING scroll labelled TUNOLE LUMUI.
  1038 | D:1      | 1038 ||| READING scroll labelled PIN KOAVU VEGG.
  1039 | D:1      | 1039 ||| DROPPING scroll of butterflies.
  1230 | D:2      | Found a faded altar of an unknown god.
  1234 | D:2      | Noticed Sigmund
  1240 | D:2      | Slain by Sigmund

Levels and vault maps discovered:
D:1:      dpeg_arrival_concentric_ovals, layout_basic
D:2:      layout_rooms, ebering_ecumenical_altar_box, uniq_sigmund,
          uniq_crazy_yiuf_cottage, uniq_robin

Skill      XL: |  1  2  3 |
---------------+----------+-----
Ranged Weapons | 5 |  5.0
Fighting       | |  2.8
Dodging        | |  1.5
Stealth        | |  1.1

Action                     || total
---------------------------++-------
   Fire: Shortbow          ||    76
    Use: Scroll            ||     2
 Armour: Leather armour    ||    10
  Dodge: Dodged            ||    15
  Block: Other             ||     1

Table legend:
 A = Non-vault XP
 B = Vault XP
 C = Vault XP percentage of total XP
 D = Non-vault monster count
 E = Vault monster count
 F = Vault count percentage of total count
                 A         B        C        D         E       F
            +---------+---------+-------+---------+---------+-------
      Total |      62 |       0 |   0.0 |      31 |       0 |   0.0
            +---------+---------+-------+---------+---------+-------
        D:1 |      45 |       0 |   0.0 |      20 |       0 |   0.0
        D:2 |      17 |       0 |   0.0 |      11 |       0 |   0.0
            +---------+---------+-------+---------+---------+-------
